Map: Terraform LE (Void)

Players

wabbajack

  • Race: Zerg Zerg
  • League: Grandmaster

Aeonsies - Winner!

  • Race: Protoss Protoss
  • League: Grandmaster

VOD

Have the link to the VOD?

Description

Time

  • Played on: July 15, 2015, 2:57 p.m.
  • Length: 9:05
Show
View Real Time Build Order
Export as new Build Order

wabbajack Zerg 

Build Orders: Hatch First 

Get SALT Encoding   

  12  0:01  Drone  
  13  0:14  Overlord  
  13  0:20  Drone  
  14  0:25  Drone, Extractor  
  15  0:32  Drone  
  16  0:36  Drone  
  17  0:55  Hatchery  
  16  1:05  Drone x2  
  16  1:06  Extractor  
  16  1:09  Drone  
  18  1:20  Spawning Pool  
  17  1:32  Drone x2  
  19  1:41  Overlord  
  19  1:59  Drone  
  20  2:05  Drone  
  20  2:07  Queen  
  20  2:08  Queen  
  25  2:13  Metabolic Boost  
  25  2:25  Drone x3  
  25  2:27  Drone  
  29  2:38  Drone x2  
  31  2:47  Pneumatized Carapace  
  31  2:51  Queen  
  31  2:53  Overlord  
  32  3:00  Overlord  
  32  3:09  Zergling x2  
  32  3:10  Zergling x6  
  36  3:24  Zergling x6  
  36  3:25  Zergling x8  
  40  3:43  Drone x6  
  46  4:26  Hatchery  
  40  4:40  Spore Crawler  
  40  4:42  Spine Crawler  
  40  4:43  Spine Crawler  
  35  4:46  Spore Crawler x2  
  35  4:47  Spine Crawler x2  
  35  4:48  Lair  
  20  5:24  Zergling x16  
  28  5:44  Spore Crawler  
  28  5:46  Overseer  
  26  6:05  Queen  
  26  6:07  Drone  
  26  6:08  Drone x9  
  34  7:02  Drone x5  
  34  7:03  Drone x11  
  34  7:06  Extractor  
  49  7:12  Roach Warren  
  48  7:38  Extractor  
  48  7:39  Spore Crawler  
  48  7:40  Spine Crawler  
  48  7:43  Spine Crawler  
  44  7:44  Spore Crawler  
  40  7:52  Roach  
  40  7:53  Roach x7  
  40  7:54  Overlord  
  55  8:12  Overlord x2  
  55  8:23  Zergling x22  
  60  8:33  Roach x3  
Show
View Real Time Build Order
Export as new Build Order

Aeonsies Protoss - Winner!

Build Orders: Dark Templar Rush 

Get SALT Encoding   

  12  0:00  Probe  
  13  0:14  Pylon  
  13  0:18  Probe  
  14  0:32  Probe (Chrono Boost)  
  14  0:35  Gateway  
  15  0:41  Probe (Chrono Boost)  
  16  0:45  Assimilator  
  16  0:50  Probe  
  16  0:54  Assimilator  
  17  1:02  Probe (Chrono Boost)  
  18  1:14  Probe (Chrono Boost)  
  19  1:21  Probe (Chrono Boost)  
  19  1:23  Cybernetics Core  
  20  1:31  Probe  
  21  1:38  Pylon  
  21  1:43  Probe  
  22  1:56  Probe  
  22  2:00  Twilight Council  
  23  2:02  Warp Gate (Chrono Boost)  
  23  2:03  Adept  
  25  2:08  Probe  
  26  2:21  Probe  
  27  2:30  Nexus  
  27  2:38  Dark Shrine  
  27  2:54  Probe  
  28  3:02  Pylon  
  28  3:04  Adept  
  30  3:12  Gateway  
  30  3:20  Probe  
  29  3:44  Probe x2, Pylon  
  31  3:53  Dark Templar  
  33  3:57  Probe x2  
  35  4:03  Gateway  
  35  4:04  Gateway  
  34  4:11  Pylon  
  34  4:20  Dark Templar  
  36  4:33  Probe x2  
  36  4:35  Adept  
  36  4:46  Probe x2  
  34  4:56  Adept  
  34  4:57  Adept  
  36  5:00  Probe x2  
  38  5:12  Probe  
  37  5:17  Probe  
  37  5:19  Stalker  
  40  5:25  Probe (Chrono Boost)  
  41  5:35  Probe (Chrono Boost)  
  42  5:37  Probe (Chrono Boost)  
  43  5:45  Probe x2 (Chrono Boost)  
  45  5:52  Probe  
  45  5:54  Probe  
  47  6:02  Adept x4  
  47  6:04  Probe  
  54  6:06  Probe  
  54  6:09  Shield Upgrade (Chrono Boost)  
  54  6:10  Pylon  
  55  6:16  Probe  
  55  6:18  Probe  
  57  6:21  Pylon  
  57  6:28  Probe  
  57  6:30  Probe  
  55  6:37  Stalker x4  
  62  6:42  Probe x2  
  64  6:52  Assimilator  
  63  6:55  Assimilator  
  63  7:10  Probe  
  63  7:11  Probe  
  65  7:17  Adept  
  65  7:22  Pylon  
  67  7:30  Pylon  
  67  7:32  Pylon  
  67  7:35  Probe  
  67  7:36  Pylon  
  68  7:40  Mothership Core  
  70  7:47  Probe  
  71  8:00  Stalker x4  
  79  8:10  Pylon  
  77  8:22  Stargate  
  77  8:25  Stargate  
  77  8:26  Adept x4  
  85  8:28  Pylon  
  85  8:30  Pylon  
  83  8:43  Probe x2  
  85  8:54  Stalker x4  
  93  8:58  Nexus  
Tags
 
Add a new tag
Caveats
  • Supply blocks, unpowered buildings, or Contaminate may cause inaccurate times.
  • Supply counts are checked every 10 seconds.